[Event "*** Titled Tuesday 3|2 Blitz"]
[Site "Chess.com"]
[Date "2015.05.05"]
[Round "7"]
[White "9ShMat2"]
[Black "GMHess"]
[Result "1-0"]
[WhiteElo "2455"]
[BlackElo "2517"]
[TimeControl "180+2"]
[EndTime "12:34:14 PDT"]
[Termination "9ShMat2 won by resignation"]

1. e4 g6 2. d4 Bg7 3. Nc3 d6 4. Be3 c6 5. Qd2 Nd7 6. f4 b5 7.
Nf3 Ngf6 8. Bd3 a6 9. e5 b4 10. Ne4 Nxe4 11. Bxe4 d5 12. Bd3 Rb8 13. O-O e6 14.
Kh1 a5 15. b3 Bf8 16. c3 Be7 17. c4 dxc4 18. bxc4 Bb7 19. Rad1 Nb6 20. Ng5 Na4 21. Ne4 O-O 22. Qc2 Nb6 23. Qf2 Na4 24. c5 Qd5 25. Qc2 Nc3 26. Nxc3 bxc3 27. Qxc3 Qxa2 28. Ra1 Qd5 29.
Rxa5 Rfd8 30. Rb1 Ba8 31. Rxb8 Rxb8 32. Ra7 Qd8 33. h3 Bb7 34. Bf2 Bc8 35. Be4 Bd7 36. Qa5 Qxa5 37. Rxa5 Be8 38. Ra6 Rc8 39. g4 f5 40. exf6 Bxf6 41. Kg2 Kf7 42. Kf3 Bd7 43. Ke3 Ke8 44. Kd3 Ke7 45. g5 Bg7 46. h4 Rf8 47.
Be3 Rc8 48. Kc4 Ke8 49. h5 gxh5 50. Bxh7 h4 51. Ra2 Ke7 52. Rh2 h3 53. Rxh3 Ra8 54.
Bc2 Ra3 55. Bb3 Ra1 56. Rh2 Re1 57. Kd3 Be8 58. Kd2 Rb1 59. Bc2 Ra1 60. f5 exf5 61. Bxf5 Ra2+ 62. Bc2 Bg6 63. Kc1 Bxc2 64. Rxc2 Ra3 65.
Kd2 Ke6 66. Rb2 Kd5 67. Rb7 Bf8 68. Rf7 Ke4 69. Rf4+ Kd5 70. Rxf8 1-0

[Event "*** Titled Tuesday 3|2 Blitz"]
[Site "Chess.com"]
[Date "2015.05.05"]
[Round "7"]
[White "Boryboy"]
[Black "jcibarra"]
[Result "0-1"]
[WhiteElo "2431"]
[BlackElo "2516"]
[TimeControl "180+2"]
[EndTime "12:35:13 PDT"]
[Termination "jcibarra won by resignation"]

1. d4 Nf6 2. Nf3 g6 3. g3 Bg7 4. Bg2 O-O 5. O-O d6 6. c4 Nc6 7. Nc3 Bf5 8. d5 Na5 9. Nd4 Bd7 10. b3 c5 11. dxc6 bxc6 12. Bb2 Rb8 13. Rb1 c5 14. Nc2 Nc6 15. Ne3 Qc8 16. Ncd5 Nxd5 17. Nxd5 Bxb2 18. Rxb2 Bh3 19. Qd2 Bxg2 20. Kxg2 Qb7 21.
Kg1 Ne5 22. Rc2 e6 23. Nf6+ Kg7 24. Qg5 Nd7 25. Ng4 f5 26. Ne3 Nf6 27. Ng2 a5 28. Rd1 Rbd8 29. f3 Qc6 30. Nf4 Rfe8 31. h4 Kf7 32.
Rcd2 Rg8 33. Nh3 Rd7 34. Qe3 Re8 35. Ng5+ Kg8 36. Qc3 e5 37. Qxa5 h6 38. Nh3 Nh5 39.
Qb5 Qc7 40. Kg2 Rb8 41. Qa6 Rb6 42. Qa8+ Kg7 43. Qd5 Nf6 44. Qd3 Qb7 45. Kg1 Ra6 46. Qc3 Qa7 47. f4 Ne4 48. Qe3 Nxd2 49. Rxd2 e4 50.
a4 Rb6 51. Nf2 Qb7 52. Qc3+ Kh7 53. h5 d5 54. cxd5 Rxd5 55. Rxd5 Qxd5 56. a5 Rd6 57. hxg6+ Rxg6 58. Kh2 Qd4 59. Qe1 Qe3 60. Nh3 Qxb3 61. a6 Rxa6 62. Qd2 Qf7 63. Qd8 Rg6 64. Qh4 Kg7 65.
Qd8 Rg4 66. Qd6 c4 67. Qe5+ Kh7 68. Qc5 Qg6 69. Qe7+ Qg7 70. Qe6 Qg6 71. Qd7+ Kg8 72. Qc8+ Kg7 73. Qxc4 Rxg3 74. Qc7+ Kh8 75. Qd8+ Kh7 76.
Qe7+ Qg7 77. Ng5+ Rxg5 0-1

[Event "*** Titled Tuesday 3|2 Blitz"]
[Site "Chess.com"]
[Date "2015.05.05"]
[Round "7"]
[White "cassoulet"]
[Black "zmaj23"]
[Result "0-1"]
[WhiteElo "2214"]
[BlackElo "2445"]
[TimeControl "180+2"]
[EndTime "12:35:46 PDT"]
[Termination "zmaj23 won by resignation"]

1. e4 c5 2. Nc3 Nc6 3. f4 g6 4. Nf3 Bg7 5. Bc4 e6 6. O-O Nge7 7. d3 O-O 8. Qe1 d5 9. Bb3 Nd4 10. Nxd4 cxd4 11. Ne2 dxe4 12. dxe4 Bd7 13. Ng3 a5 14. a4 Rc8 15. Bd2 b6 16. Kh1 Qc7 17.
Qe2 Rfd8 18. Rae1 Kh8 19. f5 exf5 20. Bg5 f6 21. Bf4 Qc5 22. Qd3 b5 23. exf5 bxa4 24.
Be6 Bb5 25. Qd2 Bxf1 26. Bxc8 Bxg2+ 27. Qxg2 Rxc8 28. fxg6 Nxg6 29. Bd2 Qxc2 30. Rc1 Qxc1+ 31. Bxc1 Rxc1+ 32. Nf1 d3 33. Qa8+ Bf8 34. Kg2 Rc2+ 35. Kf3 d2 36. Qd5 Rxb2 37. Nxd2 a3 38. Ne4 a2 39.
Nxf6 Kg7 40. Ne8+ Kh6 41. Qxa5 Bb4 42. Qa7 Be7 43. Kg4 Rb4+ 44. Kf5 Rf4+ 45. Ke6 Rf8 46. Nc7 Rf6+ 47. Kd7 Ne5+ 48. Kc8 Rf8+ 49. Kb7 Rb8+ 50. Qxb8 a1=Q 51. Qe8 Qb2+ 52. Kc8 Qb4 53. Qg8 Qd6 54. Qg3 Qd7+ 55. Kb7 Ng6 56. Qe3+ Bg5 57.
Qc5 Qh3 58. Nd5 Qxh2 59. Qd4 Qg2 60. Kc7 Qg3+ 61. Kd7 Kh5 62. Qb2 Qg4+ 63. Kc6 Qe6+ 64. Kc5 Be7+ 65. Kc4 Qe4+ 66. Qd4 Qxd4+ 67. Kxd4 Kg4 68.
Ke3 Kg3 69. Ke2 h5 70. Kf1 Bg5 71. Kg1 Ne5 72. Nc3 h4 73. Ne4+ Kg4 74. Kh1 Bf4 75. Nf2+ Kf3 76. Nh3 Bg3 77. Ng1+ Kg4 78. Kg2 Nd3 79.
Nh3 Ne1+ 80. Kh1 Kxh3 81. Kg1 Kg4 82. Kh1 h3 83. Kg1 Nf3+ 84. Kh1 h2 85. Kg2 Ne1+ 86. Kh1 Nd3 87. Kg2 Nf2 0-1

[Event "*** Titled Tuesday 3|2 Blitz"]
[Site "Chess.com"]
[Date "2015.05.05"]
[Round "7"]
[White "jup1978"]
[Black "amaidel"]
[Result "1-0"]
[WhiteElo "2159"]
[BlackElo "2274"]
[TimeControl "180+2"]
[EndTime "12:36:58 PDT"]
[Termination "jup1978 won by resignation"]

1. e4 e5 2. Nf3 Nc6 3. Bb5 a6 4. Ba4 Nf6 5. d3 b5 6. Bb3 d6 7. a4 bxa4 8. Bxa4 Bd7 9. O-O g6 10. Nc3 Bg7 11. Bg5 h6 12. Bxf6 Bxf6 13. Nd5 Bg7 14.
c3 O-O 15. h3 Kh7 16. Nd2 Ne7 17. Nxe7 Qxe7 18. Bxd7 Qxd7 19. Qa4 Qb5 20. Nc4 f5 21. f3 fxe4 22. dxe4 Rab8 23. Kh1 Qc5 24. Rad1 Qb5 25. Qxb5 axb5 26. Ne3 h5 27. Ra1 Ra8 28. Nd5 c6 29. Ne7 c5 30. Nd5 Bh6 31. Kg1 Ra4 32. Nb6 Be3+ 33.
Kh2 Rxa1 34. Rxa1 c4 35. Nd5 Bc5 36. Ra5 Rb8 37. g4 hxg4 38. hxg4 Kh6 39. Kg3 Kg5 40. Nc7 Rb7 41. Ne6+ Kf6 42. Nxc5 dxc5 43. Kh4 g5+ 44. Kg3 Ke6 45. Ra6+ Ke7 46. Rc6 Kd7 47. Rxc5 Kd6 48. Rc8 Kd7 49. Rg8 b4 50. Rxg5 Kd6 51. Rg6+ Kc5 52.
Re6 bxc3 53. bxc3 Rb3 54. Rxe5+ Kc6 55. g5 Rxc3 56. g6 Rc1 57. Rg5 Rg1+ 58. Kf4 Rxg5 59. Kxg5 c3 60. g7 c2 61. g8=Q c1=Q+ 62. Kf5 Qh1 63.
Qg6+ Kc5 64. f4 Qh3+ 65. Ke5 Qc3+ 66. Ke6 Qb3+ 67. Kf5 Qh3+ 68. Kf6 Qc3+ 69. e5 Kd4 70. f5 Qc6+ 71. e6 Qc3 72. Kf7 Qb3 73. Qg1+ Ke5 74. Qg5 Kd6 75. Qe7+ Ke5 76. f6 Qe3 77. Qc7+ Kf5 78.
Qa5+ Kg4 79. Qd5 Qh6 80. e7 Qh7+ 81. Ke6 Qg8+ 82. Kd6 Qb8+ 83. Kd7 Qa7+ 84. Ke8 Qb8+ 85.
Kf7 Kh4 86. e8=Q Qb7+ 87. Qe7 Qxd5+ 88. Kf8 Qa8+ 89. Kg7 Qa1 90. Kg8 Qg1+ 91. Kh8 Qd4 92. Qh7+ Kg5 93. Qg7+ Kf5 94. f7 Qh4+ 95. Kg8 Qc4 96.
Qh7+ Kf6 97. Qg7+ Kf5 98. Kh8 Qh4+ 99. Qh7+ Ke6 100. Qxh4 Kxf7 1-0

[Event "*** Titled Tuesday 3|2 Blitz"]
[Site "Chess.com"]
[Date "2015.05.05"]
[Round "8"]
[White "AungTZ"]
[Black "Haykos"]
[Result "1-0"]
[WhiteElo "2153"]
[BlackElo "2179"]
[TimeControl "180+2"]
[EndTime "12:40:23 PDT"]
[Termination "AungTZ won by resignation"]

1. e4 e5 2. Nf3 Nc6 3. d4 exd4 4. Nxd4 g6 5. Nc3 Bg7 6. Be3 Nge7 7. Be2 O-O 8. O-O d6 9. h3 Nxd4 10. Bxd4 Bxd4 11. Qxd4 Nc6 12. Qd2 f5 13. Bc4+ Kg7 14. f4 fxe4 15. Nxe4 Bf5 16. Qc3+ Kh6 17. g4 Bxe4 18.
g5+ Kh5 19. Qg3 Rxf4 20. Be2+ Bf3 21. Rxf3 Qxg5 22. Rxf4+ Kh6 23. Rh4+ 1-0

[Event "*** Titled Tuesday 3|2 Blitz"]
[Site "Chess.com"]
[Date "2015.05.05"]
[Round "8"]
[White "llamalord42"]
[Black "Recombinant"]
[Result "1-0"]
[WhiteElo "2217"]
[BlackElo "2125"]
[TimeControl "180+2"]
[EndTime "12:40:51 PDT"]
[Termination "llamalord42 won by resignation"]

1. e4 c5 2. Nf3 d6 3. d4 cxd4 4. Nxd4 Nf6 5. Nc3 g6 6. Be2 Bg7 7. O-O O-O 8. Bg5 Nc6 9. Nb3 Be6 10. f4 Rc8 11. Kh1 Na5 12. Nd4 Bc4 13. Rf3 Bxe2 14. Qxe2 Nc4 15. b3 Qa5 16. bxc4 Nd7 17. Rd1 e5 18. Nb3 Qb4 19. Nd5 Qxc4 20. Rfd3 Ra8 21. Be7 Rfe8 22. f5 Bf8 23. Bxf8 Nxf8 24. Nf6+ 1-0

[Event "*** Titled Tuesday 3|2 Blitz"]
[Site "Chess.com"]
[Date "2015.05.05"]
[Round "8"]
[White "desxmchna"]
[Black "PowerThinking2650"]
[Result "1-0"]
[WhiteElo "2178"]
[BlackElo "2070"]
[TimeControl "180+2"]
[EndTime "12:41:43 PDT"]
[Termination "desxmchna won by resignation"]

1. d4 Nf6 2. c4 g6 3. Nc3 Bg7 4. e4 O-O 5. Nf3 d6 6. Be2 e5 7. O-O Nc6 8. d5 Ne7 9. Ne1 Nd7 10. Be3 f5 11. f3 f4 12. Bf2 g5 13. Rc1 Rf6 14. g4 h5 15. h3 hxg4 16. hxg4 Rh6 17.
Kg2 Ng6 18. Rh1 Rxh1 19. Kxh1 Kf7 20. Ng2 b6 21. b4 a5 22. a3 axb4 23. axb4 Nf6 24. c5 bxc5 25. bxc5 Ra3 26. Nb5 Ra2 27. cxd6 Ne8 28. dxc7 Qd7 29. d6 Rxe2 30. Qxe2 Ba6 31. c8=Q Bxc8 32. Qc4+ Kf8 33. Qxc8 1-0

[Event "*** Titled Tuesday 3|2 Blitz"]
[Site "Chess.com"]
[Date "2015.05.05"]
[Round "8"]
[White "vovkcoach"]
[Black "Rijeka1999"]
[Result "1-0"]
[WhiteElo "2427"]
[BlackElo "2211"]
[TimeControl "180+2"]
[EndTime "12:43:13 PDT"]
[Termination "vovkcoach won by resignation"]

1. d4 d5 2. c4 c6 3. Nf3 Nf6 4. Nc3 a6 5. e3 b5 6. b3 Bg4 7.
Qc2 Bxf3 8. gxf3 g6 9. f4 e6 10. Bd2 Bg7 11. c5 O-O 12. h4 Nbd7 13. Bd3 Nh5 14. Ne2 Bf6 15. Ng3 Nxg3 16. fxg3 Qe7 17.
h5 Nxc5 18. hxg6 fxg6 19. Rc1 Nxd3+ 20. Qxd3 Rac8 21. Ke2 Bg7 22. Rh3 Rf7 23. Rch1 Bf6 24. g4 c5 25. dxc5 Qxc5 26. g5 Bb2 27. Rxh7 Rxh7 28.
Qxg6+ Rg7 29. Qxe6+ Rf7 30. g6 Qb4 1-0

[Event "*** Titled Tuesday 3|2 Blitz"]
[Site "Chess.com"]
[Date "2015.05.05"]
[Round "8"]
[White "NguyenDucHoa"]
[Black "kesarev"]
[Result "1-0"]
[WhiteElo "2377"]
[BlackElo "2174"]
[TimeControl "180+2"]
[EndTime "12:43:16 PDT"]
[Termination "NguyenDucHoa won by resignation"]

1. e4 g6 2. h4 h5 3. d4 Bg7 4.
Be3 c5 5. dxc5 Bxb2 6. Nd2 Nc6 7. Rb1 Bg7 8. Ngf3 Nf6 9. Ng5 Ng4 10. Bc4 O-O 11.
O-O d6 12. cxd6 Qxd6 13. Ndf3 Nxe3 14. Qxd6 exd6 15. fxe3 Nd8 16. Nxf7 Nxf7 17. Ng5 Bd7 18. Rxb7 Be8 19. Ne6 Ne5 20. Rxg7+ 1-0

[Event "*** Titled Tuesday 3|2 Blitz"]
[Site "Chess.com"]
[Date "2015.05.05"]
[Round "8"]
[White "Lupul_Cenusiu"]
[Black "iaraldinho"]
[Result "1-0"]
[WhiteElo "2325"]
[BlackElo "2288"]
[TimeControl "180+2"]
[EndTime "12:43:38 PDT"]
[Termination "Lupul_Cenusiu won by resignation"]

1. d4 f5 2. Nc3 Nf6 3. Bg5 e6 4. Nf3 Be7 5. h4 O-O 6. e3 d6 7.
Bd3 Nc6 8. a3 h6 9. Bxf6 Bxf6 10.
Qe2 e5 11. dxe5 dxe5 12. O-O-O Qe7 13. Bc4+ Be6 14. e4 Nd4 15. Nxd4 exd4 16. exf5 Bxc4 17. Qxc4+ Kh8 18. Rhe1 Qd6 19. Ne4 Qf4+ 20. Kb1 Rad8 21. Nc5 b5 22. Qd3 Rfe8 23. Ne6 Qxf2 24. Re2 Qxh4 25.
Nxd8 Rxd8 26. Rde1 Kh7 27. Re4 Qf2 28. g4 c5 29.
R4e2 Qf4 30. Qe4 Qg5 31. Rh1 d3 32. cxd3 Rd4 33. Qa8 Rd8 34. Qf3 Bd4 35. Rh5 Qf6 36. g5 Qd6 37. f6 Qd5 38. g6+ 1-0

[Event "*** Titled Tuesday 3|2 Blitz"]
[Site "Chess.com"]
[Date "2015.05.05"]
[Round "8"]
[White "WanderingPuppet"]
[Black "Tirantes"]
[Result "1/2-1/2"]
[WhiteElo "2081"]
[BlackElo "2107"]
[TimeControl "180+2"]
[EndTime "12:43:40 PDT"]
[Termination "Game drawn by agreement"]

1. e4 c6 2. Nc3 d5 3. Nf3 dxe4 4. Nxe4 Nf6 5. Nxf6+ exf6 6. Bc4 Bd6 7. O-O O-O 8.
d4 Bg4 9. Qd3 Nd7 10. h3 Bh5 11. Nh4 b5 12. Bb3 Nb6 13. Nf5 Bg6 14. Qf3 Qd7 15.
Nxd6 Qxd6 16. c3 Nd5 17. Bxd5 cxd5 18. Bf4 Qd7 19. Rfe1 Rfe8 20. Bg3 a5 21. a3 h6 22. Qf4 Re6 23. Qc7 Qxc7 24. Bxc7 a4 25. f3 Rae8 26.
Kf2 Bd3 27. Rxe6 fxe6 28. Re1 g5 29. g4 Kf7 30. Bd6 h5 31. Re3 Bg6 32. Re1 Rh8 33.
Kg2 Rd8 34. Bc7 Rc8 35. Bg3 Re8 36. Bd6 Bd3 37. Re3 Bc2 38. Re2 Bd1 39. Re1 Bc2 40. Re2 Bd3 41. Re3 Bg6 42. Re1 h4 43. Re3 1/2-1/2

[Event "*** Titled Tuesday 3|2 Blitz"]
[Site "Chess.com"]
[Date "2015.05.05"]
[Round "8"]
[White "AlexanderL"]
[Black "zmaj23"]
[Result "0-1"]
[WhiteElo "2518"]
[BlackElo "2455"]
[TimeControl "180+2"]
[EndTime "12:43:42 PDT"]
[Termination "zmaj23 won by resignation"]

1. d4 Nf6 2. c4 e6 3. Nc3 Bb4 4. Qc2 Nc6 5. Nf3 d6 6. Bd2 O-O 7. a3 Bxc3 8. Bxc3 Qe7 9. e4 e5 10. d5 Nb8 11. Be2 Nbd7 12. O-O a5 13. b4 c6 14. Nd2 cxd5 15. cxd5 b6 16. bxa5 bxa5 17. Nc4 Nc5 18. f3 Qc7 19. Rfc1 Bd7 20. Rab1 Rfb8 21.
Rxb8+ Rxb8 22. Bxa5 Qa7 23. Kh1 Ba4 24. Qc3 Nb3 25.
Bb6 Rxb6 26. Nxb6 Qxb6 27. Qc7 Qe3 28. Rc6 Bxc6 29. Qxc6 Qc1+ 30. Qxc1 Nxc1 31. Bc4 Nd7 32. Kg1 Nb6 33. Bb5 Nb3 34. Kf2 Kf8 35. Ke3 Ke7 36. Kd3 f5 37. Kc3 Nc5 0-1

[Event "*** Titled Tuesday 3|2 Blitz"]
[Site "Chess.com"]
[Date "2015.05.05"]
[Round "8"]
[White "AnthonyWirig"]
[Black "GregShahade"]
[Result "1-0"]
[WhiteElo "2499"]
[BlackElo "2432"]
[TimeControl "180+2"]
[EndTime "12:44:02 PDT"]
[Termination "AnthonyWirig won by resignation"]

1. e4 e5 2. Nf3 Nc6 3. Bb5 a6 4. Ba4 Nf6 5. O-O Be7 6. d4 exd4 7. Re1 b5 8. Bb3 d6 9. a4 Bg4 10. h3 Bxf3 11. Qxf3 O-O 12. axb5 axb5 13. Rxa8 Qxa8 14. Na3 Ne5 15. Qe2 c6 16. f4 Ng6 17. e5 dxe5 18. fxe5 Bxa3 19. exf6 Bc5 20. Kh1 gxf6 21. Bh6 Rd8 22.
Bxf7+ Kh8 23. Qf1 Rd6 24. Re8+ Qxe8 25. Bxe8 d3 26. cxd3 Ne5 27. Bf8 1-0

[Event "*** Titled Tuesday 3|2 Blitz"]
[Site "Chess.com"]
[Date "2015.05.05"]
[Round "8"]
[White "pKiLz5Rn9b"]
[Black "esr44"]
[Result "1-0"]
[WhiteElo "2268"]
[BlackElo "2052"]
[TimeControl "180+2"]
[EndTime "12:44:12 PDT"]
[Termination "pKiLz5Rn9b won by checkmate"]

1. e4 c6 2. d4 d5 3. Nc3 dxe4 4. Nxe4 Bf5 5. Ng3 Bg6 6. Nf3 Nd7 7. h4 h6 8. h5 Bh7 9. Bd3 Bxd3 10.
Qxd3 e6 11. Bd2 Ngf6 12. O-O-O Be7 13. Kb1 O-O 14. Ne4 c5 15. dxc5 Nxc5 16. Nxc5 Bxc5 17. Be3 Qb6 18. Bxc5 Qxc5 19. Qd4 Qb5 20. Qe5 Qb6 21.
Qd4 Qb5 22. Ne5 Rfc8 23. c4 Qb4 24. g4 b5 25. g5 hxg5 26. h6 bxc4 27. hxg7 Rab8 28.
Nd7 c3 29. Nxf6+ Kxg7 30. Ne8+ Kf8 31. Rh8+ Ke7 32. Qf6# 1-0

[Event "*** Titled Tuesday 3|2 Blitz"]
[Site "Chess.com"]
[Date "2015.05.05"]
[Round "8"]
[White "salomez"]
[Black "chessloveyou"]
[Result "1-0"]
[WhiteElo "2146"]
[BlackElo "2090"]
[TimeControl "180+2"]
[EndTime "12:44:21 PDT"]
[Termination "salomez won by resignation"]

1. e4 c5 2. Nf3 d6 3. d4 cxd4 4. Nxd4 Nf6 5. Nc3 g6 6. Be3 Bg7 7. f3 O-O 8. Qd2 Nc6 9. O-O-O Nxd4 10. Bxd4 Be6 11. Kb1 Qc7 12. h4 h5 13. g4 hxg4 14. Be2 Bc4 15. Bxf6 Bxf6 16. fxg4 Rfc8 17. Bxc4 Qxc4 18. Nd5 Qxe4 19. g5 Bg7 20. Rde1 Qc4 21. Nxe7+ Kf8 22. Nxc8 Rxc8 23. Qxd6+ Kg8 24. Qd2 Qb5 25.
b3 a5 26. h5 Bc3 27. Qe2 Qxe2 28. Rxe2 gxh5 29. Rxh5 Kg7 30. Rh1 Kg6 31. Re7 b6 32.
Rf1 Rf8 33. Rc7 Bd4 34. c3 Be3 35. Rf6+ Kxg5 36. Rfxf7 Rd8 37. Rcd7 Rh8 38. Rf1 Kg4 39. Rg7+ 1-0

[Event "*** Titled Tuesday 3|2 Blitz"]
[Site "Chess.com"]
[Date "2015.05.05"]
[Round "8"]
[White "lukas_111111"]
[Black "goldaxe"]
[Result "0-1"]
[WhiteElo "2326"]
[BlackElo "2195"]
[TimeControl "180+2"]
[EndTime "12:44:37 PDT"]
[Termination "goldaxe won by resignation"]

1. d4 Nf6 2. c4 g6 3. Nc3 d5 4.
cxd5 Nxd5 5. Bd2 Bg7 6. e4 Nxc3 7. Bxc3 c5 8. d5 Bxc3+ 9. bxc3 O-O 10. Nf3 e6 11.
Be2 exd5 12. exd5 Qf6 13. O-O Qxc3 14. Rc1 Qa5 15. d6 Bg4 16. Ne5 Nd7 17. Nxg4 Qxa2 18. Bc4 Qb2 19. Qf3 h5 20. Ne3 Ne5 21. Qf6 Nxc4 22. Nd5 Qxf6 23. Nxf6+ Kg7 24. Nxh5+ gxh5 25. Rxc4 b6 26. Rd1 Rad8 27. Rd5 Rfe8 28. h4 Re6 29. Rxh5 Rdxd6 30. Rf4 Rd4 31. Rg5+ Rg6 32. Rxd4 Rxg5 33.
Rd7 Rg4 34. Rxa7 Rxh4 35. Rb7 Rb4 36. Kf1 c4 37. Ke2 b5 38. f3 Rb2+ 39. Ke3 b4 40.
Kd4 c3 41. g4 c2 42. Rc7 b3 0-1

[Event "*** Titled Tuesday 3|2 Blitz"]
[Site "Chess.com"]
[Date "2015.05.05"]
[Round "8"]
[White "jlandaw"]
[Black "wonderfultime"]
[Result "0-1"]
[WhiteElo "2371"]
[BlackElo "2570"]
[TimeControl "180+2"]
[EndTime "12:44:53 PDT"]
[Termination "wonderfultime won by resignation"]

1. e4 c5 2. Nc3 Nc6 3. g3 g6 4.
Bg2 Bg7 5. d3 d6 6. f4 Nf6 7.
Nf3 O-O 8. O-O Rb8 9. a3 b5 10. Rb1 a5 11. a4 b4 12. Nb5 Ba6 13. c4 Nd7 14. b3 Bb7 15. Bb2 Nf6 16. h3 Nh5 17. Bxg7 Nxg7 18. d4 cxd4 19. Nfxd4 Nxd4 20. Qxd4 Ne6 21. Qe3 Nc5 22. f5 Nd7 23. Rbd1 Qc8 24. Kh2 Qc5 25. Qh6 Qe5 26. Nd4 Qg7 27. Qe3 Nc5 28. f6 exf6 29. Nb5 f5 30. exf5 Bxg2 31. f6 Qh8 32. Kxg2 Rfe8 33. Qf3 Re6 34. Rxd6 h5 35. Rxe6 Nxe6 36. Nd6 Qh6 37. Rd1 Qg5 38. h4 Qe5 39. Ne4 Re8 40. Nd6 Rd8 41. Qd5 Qb2+ 42. Kh3 Qxb3 43.
c5 Nf4+ 0-1

[Event "*** Titled Tuesday 3|2 Blitz"]
[Site "Chess.com"]
[Date "2015.05.05"]
[Round "8"]
[White "ChessTrener"]
[Black "Tilicheev_Viacheslav"]
[Result "1-0"]
[WhiteElo "2533"]
[BlackElo "2452"]
[TimeControl "180+2"]
[EndTime "12:44:57 PDT"]
[Termination "ChessTrener won by resignation"]

1. e4 c5 2. Ne2 d6 3. g3 g6 4. Bg2 Bg7 5. c3 Nf6 6. d4 cxd4 7. cxd4 O-O 8. Nbc3 Nc6 9. O-O Bd7 10. h3 b5 11.
Nxb5 Qc8 12. Kh2 Rb8 13. Nbc3 Qa6 14. f4 Rfc8 15. e5 Ne8 16. b3 Bf5 17. Be3 Nb4 18. Qd2 h5 19. Bf3 Nc7 20. g4 hxg4 21. hxg4 Be6 22. f5 Bd5 23. e6 fxe6 24. Bh6 Qd3 25.
Nxd5 Ncxd5 26. Qg5 Rc2 27. Kh1 Bxh6 28. Qxh6 Qe3 29.
Qxg6+ Kh8 30. g5 exf5 31. Rae1 Rf8 32. Qh6+ Kg8 33. Nf4 Qd2 34. Nxd5 1-0

[Event "*** Titled Tuesday 3|2 Blitz"]
[Site "Chess.com"]
[Date "2015.05.05"]
[Round "8"]
[White "amaidel"]
[Black "AlmirDzhumaev"]
[Result "1-0"]
[WhiteElo "2278"]
[BlackElo "2066"]
[TimeControl "180+2"]
[EndTime "12:45:11 PDT"]
[Termination "amaidel won by resignation"]

1. d4 Nf6 2. Bg5 Ne4 3. Bf4 g5 4. Bc1 h6 5. g3 d5 6. Bg2 Bf5 7. Nf3 Bg7 8. c3 Nd7 9. Nbd2 Ndf6 10. Ne5 c6 11. f3 Nxd2 12. Qxd2 Qb6 13. h4 g4 14. O-O gxf3 15. exf3 e6 16. g4 Bh7 17. Qf4 O-O 18. Rf2 Rad8 19. Be3 Nd7 20. g5 Nxe5 21.
dxe5 hxg5 22. Qxg5 Qc7 23. f4 Kh8 24. Qh5 Rg8 25.
Kh1 f5 26. exf6 Bxf6 27. Bh3 Qe7 28. Re1 b6 29. Bd4 Rd6 30. Be5 Bxe5 31. Qxe5+ Rg7 32. Rg2 Rd7 33. Rg5 Qf8 34. Bxe6 Re7 35. f5 Rxe6 36. Qxe6 Re7 37. Qxe7 1-0

[Event "*** Titled Tuesday 3|2 Blitz"]
[Site "Chess.com"]
[Date "2015.05.05"]
[Round "8"]
[White "facu57"]
[Black "Nouki"]
[Result "0-1"]
[WhiteElo "2197"]
[BlackElo "2596"]
[TimeControl "180+2"]
[EndTime "12:45:34 PDT"]
[Termination "Nouki won by resignation"]

1. e4 Nf6 2. Nc3 e5 3. Nf3 Nc6 4. Bb5 Bc5 5. O-O Nd4 6. Be2 d6 7.
d3 O-O 8. Bg5 h6 9. Bh4 Be6 10.
Nxd4 Bxd4 11. a4 c6 12. a5 g5 13. Bg3 Kg7 14. Na4 a6 15. c3 Ba7 16. b4 Re8 17. h3 Qc7 18. Qc2 Rad8 19. Bf3 d5 20. d4 dxe4 21. Bxe5 Qe7 22. Bxe4 Kg8 23. Bd3 Bb8 24. Bxb8 Rxb8 25. Rfe1 Nd5 26. Nc5 Qf6 27. Re5 Re7 28. Rae1 Rbe8 29. Ne4 Qg7 30. Nd6 Rd8 31. Nf5 Bxf5 32. Rxe7 Nxe7 33. Rxe7 Bc8 34. Qe2 Qf6 35. g4 Kf8 36. Re5 Be6 37. Qe4 Rd5 38. Qe3 Rd8 39.
Bf5 Bd5 40. Be4 Be6 41. Bg2 Kg7 42. Qe2 Qf4 43. Qe3 Qf6 44. Be4 Kf8 45. Bf5 Bd5 46.
Re7 Qxe7 0-1

[Event "*** Titled Tuesday 3|2 Blitz"]
[Site "Chess.com"]
[Date "2015.05.05"]
[Round "8"]
[White "AndrewMcStone"]
[Black "destroyer305"]
[Result "0-1"]
[WhiteElo "1992"]
[BlackElo "2153"]
[TimeControl "180+2"]
[EndTime "12:45:34 PDT"]
[Termination "destroyer305 won by resignation"]

1. d4 Nf6 2. c4 c5 3. d5 b5 4. cxb5 a6 5. f3 d6 6. e4 g6 7. Na3 Bg7 8. Ne2 O-O 9. Nc3 Nbd7 10. Be2 axb5 11. Naxb5 Ba6 12. O-O Qb6 13. Be3 Rfb8 14. a4 Ne8 15. Qd2 Nc7 16. Rab1 Qa5 17. Bg5 Nxb5 18. axb5 Bxc3 19. Qxc3 Bxb5 20. Bxb5 Qxb5 21.
Bxe7 Ra2 22. Bxd6 Qb6 23. Bxb8 Qxb8 24. b4 cxb4 25. Rxb4 Qa7+ 26. Kh1 Qa6 27. Rc1 Qe2 28.
Rg1 Rc2 29. Qb3 Nc5 30. Rb8+ Kg7 31. Qb5 Nd3 32. Qxd3 Qxd3 33. Rbb1 Qd2 34. Rbd1 Qf2 35. d6 Rd2 36. d7 Qd4 37. d8=Q Qxd8 0-1

[Event "*** Titled Tuesday 3|2 Blitz"]
[Site "Chess.com"]
[Date "2015.05.05"]
[Round "8"]
[White "MrHenriksson"]
[Black "Mvpag"]
[Result "1-0"]
[WhiteElo "2018"]
[BlackElo "1925"]
[TimeControl "180+2"]
[EndTime "12:45:35 PDT"]
[Termination "MrHenriksson won by resignation"]

1. d4 d5 2. Nf3 e6 3. g3 Nd7 4.
Bg2 c5 5. O-O Ngf6 6. c4 b6 7.
cxd5 exd5 8. Nc3 Bb7 9. Bf4 a6 10. Ne5 Be7 11. dxc5 Nxc5 12. b4 Nce4 13. Qa4+ b5 14.
Nxb5 axb5 15. Qxb5+ Kf8 16. Qxb7 Rb8 17. Qa7 Qb6 18. Ng6+ fxg6 19. Qxb8+ Qxb8 20. Bxb8 Kf7 21. Be5 Bxb4 22. Rab1 Bc5 23. Bxf6 Nxf6 24. Rb7+ Ke6 25. Rxg7 Rf8 26. Bf3 Kf5 27. Rc7 Bb6 28. Rc6 Ba7 29. Rb1 g5 30. h3 h5 31. Rb7 g4 32. Rxa7 gxf3 33. exf3 Ke5 34. Ra5 Nd7 35. Rh6 Rxf3 36.
Rxh5+ Ke4 37. Rhxd5 Nf6 38. Re5+ Kd4 39. Rf5 Rxf5 40.
Rxf5 Nd5 41. h4 1-0

[Event "*** Titled Tuesday 3|2 Blitz"]
[Site "Chess.com"]
[Date "2015.05.05"]
[Round "8"]
[White "jup1978"]
[Black "bugsbunny444"]
[Result "0-1"]
[WhiteElo "2154"]
[BlackElo "2306"]
[TimeControl "180+2"]
[EndTime "12:45:40 PDT"]
[Termination "bugsbunny444 won by resignation"]

1. e4 e6 2. d4 d5 3. Nd2 Nf6 4. e5 Nfd7 5. Bd3 c5 6. c3 Nc6 7.
Ne2 cxd4 8. cxd4 f6 9. exf6 Nxf6 10. O-O Bd6 11. Nf3 O-O 12. Bg5 Qb6 13. b3 Kh8 14.
Rc1 Bd7 15. Bb1 Ba3 16. Qd3 Ne4 17. Rcd1 Rxf3 18. Qxf3 Nxg5 19. Qh5 h6 20. h4 Nh7 21. Bxh7 Kxh7 22. Rd3 Rf8 23. Rg3 Rf6 24. Rd1 Bd6 25. Rf3 Qd8 26. Rxf6 Qxf6 27. Qg4 Be8 28. g3 Bg6 29.
Nc3 a6 30. Ne2 Be4 31. Nf4 Nxd4 32. Nh5 Nf3+ 33. Kf1 Nh2+ 34. Kg1 Nxg4 35. Nxf6+ Nxf6 36. Re1 Ba3 37. f3 Bxf3 38. Rxe6 Bc5+ 39. Kf1 Kg6 40. Re5 Be4 41. Ke2 Kf7 0-1

[Event "*** Titled Tuesday 3|2 Blitz"]
[Site "Chess.com"]
[Date "2015.05.05"]
[Round "8"]
[White "Imre91"]
[Black "Konavets"]
[Result "0-1"]
[WhiteElo "2561"]
[BlackElo "2461"]
[TimeControl "180+2"]
[EndTime "12:45:53 PDT"]
[Termination "Konavets won by resignation"]

1. d4 Nf6 2. Nf3 g6 3. g3 Bg7 4. Bg2 O-O 5. O-O c5 6. d5 e6 7. Nc3 d6 8. a4 Re8 9. Re1 h6 10. e4 exd5 11. Nxd5 Nxd5 12. Qxd5 Nc6 13. c3 Be6 14.
Qd1 Qe7 15. Nd2 Rad8 16. Nf1 Ne5 17. Ne3 c4 18. h3 Qd7 19. Kh2 Nd3 20. Re2 h5 21.
Rc2 h4 22. g4 Be5+ 23. Kg1 Qe7 24. Bd2 Qf6 25. Qf3 Qxf3 26. Bxf3 Nf4 27. Bg2 Kg7 28. Bf1 Rc8 29. a5 a6 30. Ra4 Rc5 31. Bc1 Re7 32. Nxc4 Nxh3+ 33. Kg2 Nf4+ 34. Kf3 g5 35.
Ne3 h3 36. Nf5+ Bxf5 37. exf5 h2 38. Bg2 Rd5 39. Bd2 Rd3+ 40. Be3 Rd1 41. Rd2 Rg1 42. Bxf4 Bxf4 43. Rd5 Rxg2 44. Kxg2 Re1 45. f6+ Kg6 0-1